 Dungeon Crawl Stone Soup version 0.18-a0-1390-gc02854d (webtiles) character file.

26 WhatsThis the Ruffian (level 3, -3/31 HPs)
             Began as a Ghoul Monk on Feb 22, 2016.
             Slain by a worm (5 damage)
             ... on level 2 of the Dungeon.
             The game lasted 00:11:04 (1211 turns).

WhatsThis the Ruffian (Ghoul Monk)                  Turns: 1211, Time: 00:11:04

Health: -3/31      AC:  2    Str: 15    XL:     3   Next: 8%
Magic:  2/2        EV: 13    Int:  5    God:
Gold:   53         SH:  0    Dex: 11    Spells: 0 memorised, 2 levels left

rFire  . . .     SeeInvis .     r - +0 dagger
rCold  + . .     Gourm    .     a - +0 robe
rNeg   + + +     Faith    .     (no shield)
rPois  ∞         Spirit   .     (no helmet)
rElec  .         Dismiss  .     (no cloak)
rCorr  .         Reflect  .     (no gloves)
SustAt .         Harm     .     (no boots)
MR     .....                    (no amulet)
Stlth  ++........               (no ring)
                                (no ring)

@: rotting, not resistant to hostile enchantments, unstealthy
A: rotting body, claws 1, carnivore 3, cold resistance 1, negative energy
resistance 3, slow regeneration 1, torment resistance, unbreathing
a: no special abilities


You were on level 2 of the Dungeon.
You were not hungry.

You visited 1 branch of the dungeon, and saw 2 of its levels.

You collected 53 gold pieces.

Inventory:

Hand Weapons
 j - a +0 dagger
 o - a +0 short sword
 r - a +0 dagger (weapon)
 t - a +0 club
Missiles
 i - 60 stones (quivered)
Armour
 a - a +0 robe (worn)
 d - a +0 robe
 f - a +0 ring mail
 k - a +0 leather armour
 m - a cursed +0 chain mail
 n - a +0 plate armour
 p - a +0 robe
Scrolls
 e - 2 scrolls of enchant weapon {unknown}
 g - 2 scrolls of remove curse
 h - a scroll of recharging {unknown}
 l - a scroll of identify {unknown}
Potions
 q - 2 potions of curing {unknown}
Comestibles
 b - a meat ration
 c - a royal jelly
 s - 4 chunks of flesh


   Skills:
 + Level 3.6 Fighting
 + Level 3.1 Dodging
 + Level 2.2 Stealth
 + Level 4.8 Unarmed Combat


You had 2 spell levels left.
You didn't know any spells.

Dungeon Overview and Level Annotations

Branches:
Dungeon (2/15)

Altars:


Innate Abilities, Weirdness & Mutations

Your body is rotting away.
You thrive on raw meat.
You are immune to poison.
You have sharp fingernails.
You are carnivorous and can eat meat at any time.
Your flesh is cold resistant.
You are immune to negative energy.
You regenerate slowly when monsters are visible.
You are immune to unholy pain and torment.
You can survive without breathing.


Message History

You start resting.
You start resting.
You see here a giant newt skeleton.
You hit the worm but do no damage. The worm bites you!
* * * LOW HITPOINT WARNING * * *
You hit the worm.
The worm is lightly wounded.
The worm closely misses you.
You barely miss the worm. You hit the worm.
The worm is lightly wounded.
The worm bites you!
* * * LOW HITPOINT WARNING * * *
You hit the worm but do no damage.
The worm is lightly wounded.
You hit the worm but do no damage.
The worm is lightly wounded.
The worm barely misses you.
You hit the worm but do no damage. The worm bites you.
You die...

##.##.## #....# #.....#
##........
###...###....#.....
##...##.##.##.... .
#.####.....##......#...
#...............##.#...
#####......###..##.....
. #........#..##..... ..
#.........@....###.. ...
#........##w##..... ....
#####....##.#..####.....
##...##.........#
##..........###...
####..........#
.............).#
#####...............
#......w...#....


You could see a worm.

Vanquished Creatures
  A giant gecko (D:1)
  2 giant cockroaches
  3 goblins
  A hobgoblin (D:1)
  2 jackals (D:1)
  A quokka (D:2)
  A ball python (D:1)
  4 bats
  2 giant newts
  3 kobolds (D:1)
  4 rats
24 creatures vanquished.

Notes
Turn   | Place    | Note
--------------------------------------------------------------
     0 | D:1      | WhatsThis the Ghoul Monk began the quest for the Orb.
     0 | D:1      | Reached XP level 1. HP: 19/19 MP: 0/0
   213 | D:1      | Reached XP level 2. HP: 20/26 MP: 1/1
  1117 | D:2      | Reached XP level 3. HP: 23/31 MP: 2/2
  1211 | D:2      | Slain by a worm

Vault maps used:
D:1:      scummos_arrival_forest
D:2:      uniq_sigmund

Skill      XL: |  1  2 |
---------------+-------+-----
Dodging        | 3 |  3.1
Fighting       | |  3.6
Stealth        | |  2.2
Unarmed Combat | |  4.8

Action                   || total
-------------------------++-------
Melee: Unarmed           ||    32
       Dagger            ||    53
Throw: Stone             ||     1
  Use: Scroll            ||     1
 Stab: Distracted        ||     1
       Sleeping          ||     2
  Eat: Chunk             ||     7
